Map: Mech Depot LE

Players

scdaigo - Winner!

  • Race: Zerg Zerg
  • League: Gold
  • Spawn Location: 1:00

DankDoctor

  • Race: Protoss Protoss
  • League: Gold
  • Spawn Location: 7:00

VOD

Have the link to the VOD?

Description

Time

  • Played on: Aug. 9, 2017, 10:06 p.m.
  • Length: 17:43
Show
View Real Time Build Order
Export as new Build Order

scdaigo Zerg - Winner!

Build Orders: Pool First 

Get SALT Encoding   

  12  0:01  Drone  
  13  0:10  Drone  
  14  0:18  Extractor  
  14  0:19  Drone  
  14  0:33  Spawning Pool  
  13  0:37  Drone  
  14  0:46  Overlord  
  14  1:05  Drone x3  
  17  1:21  Baneling Nest  
  17  1:23  Drone  
  17  1:29  Queen  
  19  1:34  Zergling x2  
  20  1:40  Metabolic Boost  
  20  1:46  Zergling x2  
  21  1:50  Zergling x2  
  22  2:08  Overlord  
  22  2:20  Overlord  
  22  2:27  Zergling x2  
  23  2:31  Zergling x2  
  23  2:35  Lair  
  24  2:38  Zergling x6  
  24  2:39  Extractor  
  26  3:04  Zergling x4  
  28  3:09  Zergling x2  
  28  3:11  Zergling x6  
  32  3:26  Zergling x2  
  29  3:37  Zergling x2  
  30  3:44  Zergling x4  
  30  3:45  Zergling x2  
  29  3:51  Zergling x2  
  30  4:02  Hatchery  
  25  4:34  Zergling x6  
  25  4:45  Drone  
  22  4:57  Drone  
  23  5:09  Extractor  
  23  5:12  Drone  
  23  5:15  Queen  
  23  5:17  Drone  
  23  5:20  Drone x2  
  23  5:21  Drone  
  29  5:22  Extractor  
  28  5:33  Drone x2  
  30  5:40  Drone  
  30  5:42  Drone  
  32  5:49  Drone  
  33  5:52  Drone x2  
  32  6:20  Zergling x2  
  32  6:21  Zergling x10  
  30  6:34  Roach Warren  
  30  6:38  Zergling x8  
  33  6:46  Zergling x2  
  27  7:04  Drone x2  
  27  7:05  Drone x2  
  27  7:08  Drone  
  32  7:15  Drone x2  
  34  7:21  Drone  
  35  7:26  Drone  
  32  7:38  Drone x2  
  32  7:39  Drone x2  
  36  7:50  Drone  
  37  7:52  Roach  
  37  7:53  Queen  
  41  8:00  Queen  
  41  8:05  Overlord  
  43  8:07  Overlord  
  43  8:18  Spire  
  42  8:25  Roach x2  
  42  8:27  Roach  
  48  8:29  Roach  
  50  8:35  Roach  
  54  8:41  Roach x2  
  56  8:54  Drone x2  
  56  8:55  Drone  
  59  9:02  Overlord x3  
  59  9:03  Overlord  
  59  9:23  Drone x4  
  63  9:28  Drone  
  63  9:30  Drone  
  65  9:58  Hydralisk Den  
  65  9:59  Roach x5  
  76  10:00  Roach x2  
  78  10:13  Overlord x3  
  78  10:14  Overlord  
  78  10:25  Mutalisk  
  78  10:26  Mutalisk x3  
  86  10:35  Ravager x4  
  90  10:37  Roach x2  
  83  10:54  Zergling x4  
  83  10:55  Zergling x10  
  72  11:23  Roach x4  
  72  11:24  Ravager x2  
  72  11:25  Ravager x5  
  87  11:27  Mutalisk x2  
  87  11:30  Muscular Augments  
  91  11:39  Roach x2  
  95  11:54  Mutalisk x4  
  103  12:06  Mutalisk x5  
  113  12:13  Glial Reconstitution  
  113  12:25  Hydralisk x4  
  121  12:41  Overlord x3  
  89  13:24  Hydralisk x3  
  89  13:25  Hydralisk x6  
  107  13:54  Hatchery  
  106  14:04  Hatchery  
  106  14:08  Ravager x4  
  109  14:12  Roach  
  109  14:13  Roach x5  
  121  14:28  Drone x2  
  123  14:37  Lurker Den  
  123  14:40  Zergling x4  
  125  15:00  Extractor  
  125  15:03  Extractor  
  123  15:22  Mutalisk x6  
  123  15:23  Mutalisk x2  
  139  15:32  Queen  
  139  15:34  Drone  
  139  15:35  Drone x5  
  147  15:59  Queen  
  147  16:00  Drone x4  
  147  16:01  Drone x4  
  157  16:17  Drone x2  
  157  16:18  Drone  
  160  16:31  Overlord x2  
  160  16:32  Overlord x3  
  160  16:50  Extractor  
  159  16:55  Lurker x4  
  159  16:56  Hydralisk, Lurker x2  
  159  16:57  Hydralisk x4  
  175  17:07  Overlord x2  
  175  17:08  Overlord  
Show
View Real Time Build Order
Export as new Build Order

DankDoctor Protoss 

Build Orders: 1 Gate Expand 

Get SALT Encoding   

  12  0:01  Probe (Chrono Boost)  
  13  0:15  Pylon  
  13  0:18  Probe (Chrono Boost)  
  14  0:28  Probe (Chrono Boost)  
  14  0:35  Gateway  
  15  0:40  Probe (Chrono Boost)  
  16  0:45  Assimilator  
  16  0:51  Probe (Chrono Boost)  
  17  1:02  Probe (Chrono Boost)  
  18  1:12  Probe (Chrono Boost)  
  19  1:23  Probe (Chrono Boost)  
  20  1:32  Nexus  
  20  1:41  Cybernetics Core  
  20  1:50  Assimilator  
  20  1:56  Zealot  
  20  1:59  Probe (Chrono Boost)  
  23  2:03  Pylon  
  22  2:18  Warp Gate  
  22  2:22  Mothership Core (Chrono Boost)  
  24  2:28  Adept  
  26  2:44  Probe (Chrono Boost)  
  26  2:45  Probe (Chrono Boost)  
  28  2:55  Adept, Probe (Chrono Boost)  
  31  2:59  Pylon  
  31  3:01  Probe (Chrono Boost)  
  33  3:05  Probe (Chrono Boost)  
  33  3:11  Probe (Chrono Boost)  
  34  3:14  Gateway  
  34  3:20  Gateway  
  32  3:31  Adept  
  28  3:47  Probe x2 (Chrono Boost)  
  23  3:58  Adept, Probe x2 (Chrono Boost)  
  23  4:01  Adept  
  29  4:08  Probe x2 (Chrono Boost)  
  29  4:30  Adept  
  29  4:42  Probe (Chrono Boost)  
  29  4:43  Probe (Chrono Boost)  
  26  4:48  Adept  
  28  4:53  Probe x2 (Chrono Boost)  
  28  4:56  Pylon  
  30  5:03  Adept x2  
  30  5:04  Probe x2 (Chrono Boost)  
  37  5:14  Probe x2 (Chrono Boost)  
  37  5:18  Adept  
  40  5:23  Twilight Council  
  40  5:25  Probe (Chrono Boost)  
  41  5:32  Pylon  
  41  5:35  Adept  
  43  5:45  Probe (Chrono Boost)  
  44  5:50  Gateway  
  44  5:56  Robotics Facility  
  44  6:04  Adept  
  44  6:07  Adept  
  46  6:15  Probe x2 (Chrono Boost)  
  43  6:25  Adept  
  45  6:26  Probe x2 (Chrono Boost)  
  47  6:36  Probe (Chrono Boost)  
  48  6:45  Adept x2  
  44  6:47  Adept  
  44  6:53  Resonating Glaives  
  40  7:02  Observer  
  40  7:06  Probe x2 (Chrono Boost)  
  43  7:10  Assimilator  
  43  7:14  Pylon  
  43  7:17  Probe x2 (Chrono Boost)  
  45  7:27  Probe (Chrono Boost)  
  45  7:28  Observer, Probe (Chrono Boost)  
  48  7:33  Adept  
  48  7:34  Adept  
  52  7:37  Adept  
  52  7:39  Probe (Chrono Boost)  
  52  7:40  Probe (Chrono Boost)  
  56  7:53  Pylon  
  56  7:57  Pylon  
  56  7:59  Probe x2 (Chrono Boost)  
  56  8:04  Adept  
  60  8:09  Probe x2 (Chrono Boost)  
  62  8:17  Stalker x2  
  62  8:18  Stalker  
  68  8:25  Forge  
  68  8:30  Probe x2 (Chrono Boost)  
  70  8:37  Pylon  
  70  8:40  Stalker, Probe (Chrono Boost)  
  70  8:41  Probe (Chrono Boost)  
  74  8:48  Forge  
  74  8:52  Pylon  
  74  8:57  Stalker  
  74  9:00  Observer  
  77  9:05  Assimilator  
  77  9:28  Stalker x2  
  77  9:29  Stalker x2  
  88  9:31  Immortal  
  88  9:37  Photon Cannon  
  88  9:39  Photon Cannon  
  88  9:45  Blink  
  88  9:46  Protoss Ground Weapons Level 1  
  88  10:01  Adept x3  
  88  10:02  Adept  
  96  10:24  Nexus  
  96  10:25  Adept x2  
  96  10:26  Adept  
  102  10:30  Pylon  
  86  11:01  Stalker x2  
  86  11:02  Stalker  
  78  11:04  Stalker  
  78  11:07  Probe (Chrono Boost)  
  78  11:10  Pylon  
  73  11:13  Immortal  
  77  11:20  Photon Cannon  
  77  11:22  Photon Cannon  
  77  11:30  Stargate  
  77  11:31  Pylon  
  77  11:34  Assimilator  
  77  11:37  Probe x3 (Chrono Boost)  
  80  11:45  Stalker  
  80  11:46  Stalker  
  84  12:02  Photon Cannon  
  84  12:03  Photon Cannon  
  84  12:13  Phoenix  
  86  12:18  Probe x3 (Chrono Boost)  
  86  12:22  Pylon  
  89  12:29  Probe (Chrono Boost)  
  90  12:38  Phoenix  
  92  12:46  Stargate  
  92  12:49  Photon Cannon  
  92  12:50  Photon Cannon  
  82  13:10  Stalker  
  82  13:11  Stalker x3  
  54  13:26  Phoenix  
  53  13:29  Photon Cannon  
  53  13:31  Photon Cannon  
  52  13:37  Stalker x2  
  52  13:38  Stalker x2  
  52  13:40  Phoenix  
  61  13:58  Photon Cannon  
  61  14:03  Stalker x2  
  65  14:22  Phoenix x2  
  69  14:36  Protoss Ground Weapons Level 2  
  69  14:38  Protoss Ground Armor Level 1  
  69  14:55  Nexus  
  69  14:58  Pylon  
  68  15:10  Phoenix  
  68  15:11  Phoenix  
  70  15:36  Stalker  
  70  15:37  Stalker  
  74  15:47  Stalker  
  76  16:29  Nexus  
  76  17:09  Stalker  
  76  17:14  Pylon  
Tags
 
Add a new tag
Caveats
  • Supply blocks, unpowered buildings, or Contaminate may cause inaccurate times.
  • Supply counts are checked every 10 seconds.